 Dungeon Crawl Stone Soup version 0.29.0-11-gd7f09526c8 (webtiles) character file.

Game seed: 4733539718409028501

514 xian the Trooper (level 7, -7/61 HPs)
             Began as a Green Draconian Abyssal Knight on Sept 3, 2022.
             Was a Priest of Lugonu.
             Mangled by Duvessa
             ... wielding a +0 short sword
              (10 damage)
             ... on level 4 of the Dungeon.
             The game lasted 00:08:52 (3310 turns).

xian the Trooper (Green Draconian Abyssal Knight)   Turns: 3310, Time: 00:08:53

Health: -7/61      AC: 10    Str: 18    XL:     7   Next: 0%
Magic:  8/8        EV:  6    Int: 10    God:    Lugonu [***...]
Gold:   152        SH: 25    Dex: 11    Spells: 6/6 levels left

rFire   x . .      SeeInvis .   v - +4 hand axe of Stickiness {vorpal, rN+}
rCold   + . .      Faith    .   a - +18 shield of the Gong {rElec rN+ Will+ EV-5}
rNeg    + + .      Spirit   .   (body armour unavailable)
rPois   +          Reflect  .   (helmet restricted)
rElec   +          Harm     .   (no cloak)
rCorr   +          Rampage  .   p - +0 pair of gloves
Will    +....                   t - +2 pair of boots
Stlth   ++........              (no amulet)
HPRegen 0.20/turn               m - ring of resist corrosion
MPRegen 0.11/turn               q - ring of ice

@: no status effects
A: breathe noxious fumes, AC +6, unfitting armour, poison resistance,
cold-blooded
a: Breathe Noxious Fumes, Renounce Religion, Depart the Abyss, Bend Space,
Banish


You were on level 4 of the Dungeon.
You worshipped Lugonu.
Lugonu was most pleased with you.
You visited 1 branch of the dungeon, and saw 4 of its levels.
You visited the Abyss 1 time.

You collected 152 gold pieces.

Inventory:

Hand Weapons
 v - the +4 hand axe of Stickiness (weapon) {vorpal, rN+}
   (You found it on level 3 of the Dungeon)

   It inflicts extra damage upon your enemies.
   rN:        It protects you from negative energy.
Armour
 a - the +18 shield of the Gong (worn) {rElec rN+ Will+ EV-5}
   (You acquired it on level 3 of the Dungeon)

   It is deafeningly noisy when blocking attacks.
   EV:        It affects your evasion (-5).
   rElec:     It insulates you from electricity.
   rN:        It protects you from negative energy.
   Will:      It increases your willpower.
 p - a +0 pair of gloves (worn)
 t - a +2 pair of boots (worn)
Jewellery
 m - a ring of resist corrosion (left hand)
 q - a ring of ice (right hand)
Scrolls
 d - a scroll of enchant weapon {unknown}
 e - a scroll of teleportation {unknown}
 g - a scroll of summoning {unknown}
 i - 2 scrolls of blinking
 s - 2 scrolls of noise {unknown}
 u - a scroll of amnesia {unknown}
Potions
 b - a potion of might {unknown}
 c - 3 potions of curing
 f - a potion of brilliance {unknown}
 j - a potion of lignification {unknown}
 k - a potion of cancellation {unknown}
 l - a potion of attraction {unknown}
 n - a potion of haste {unknown}
 o - a potion of degeneration {unknown}
 r - a potion of invisibility {unknown}


   Skills:
 + Level 5.3 Fighting
 * Level 3.5(4.0) Axes
 - Level 2.7(3.6) Polearms
 + Level 0.7 Throwing
 + Level 3.4 Dodging
 + Level 1.6 Stealth
 + Level 1.5 Shields
 + Level 2.3 Invocations


You had 6 spell levels left.
You didn't know any spells.
Your spell library contained the following spells:

 Spells                   Type           Power      Damage    Failure   Level
 Static Discharge         Conj/Air       0%         3-3/arc   88%         2
 Call Canine Familiar     Summ           0%         N/A       98%         3
 Dazzling Flash           Conj/Hex       0%         N/A       98%         3
 Portal Projectile        Hex/Tloc       0%         N/A       98%         3
 Leda's Liquefaction      Hex/Erth       0%         N/A       100%        4
 Agony                    Necr           0%         N/A       100%        5
 Lightning Bolt           Conj/Air       0%         1d11      100%        5
 Silence                  Hex/Air        0%         N/A       100%        5
 Maxwell's Capacitive Co  Air            0%         ∞         100%        8


Dungeon Overview and Level Annotations

Branches:
Dungeon (4/15)
 Temple: D:4-7

Altars:
Cheibriados
Dithmenos
Zin

Annotations:
D:4 Duvessa


Innate Abilities, Weirdness & Mutations

You can breathe blasts of noxious fumes.
Your lurid green scales are hard. (AC +6)
You cannot fit into any form of body armour.
Your system is resistant to poisons. (rPois)
You are cold-blooded and may be slowed by cold attacks.


Message History

The jackal barely misses you. Duvessa hits you with a +0 short sword!
* * * LOW HITPOINT WARNING * * *
Things that are here:
a +0 club; a gnoll corpse You slash Duvessa!
Your tail-slap misses Duvessa.
Duvessa is almost dead.
You hit the jackal. You block the jackal's attack.
PTOANNNG!
You hear a shout!
The jackal attacks as you move away! You block the jackal's attack.
BONNNG!
You hear a shout!
You block the jackal's attack.
SHROANNG!
The jackal barely misses you.
You barely miss Duvessa. You tail-slap Duvessa.
Duvessa is almost dead.
You slash the jackal!
You kill the jackal!
Lugonu accepts your kill.
You hit the jackal but do no damage. You hit the jackal.
You have got your breath back.
You block Duvessa's attack.
BONNNG!
You block the jackal's attack.
SHROANNG!
The jackal bites you but does no damage.
Duvessa closely misses you. You block the jackal's attack.
SHROANNG!
You hear a shout!
You hit Duvessa.
Duvessa is almost dead.
You closely miss the jackal. You miss the jackal.
You block the jackal's attack.
BONNNG!
You block the jackal's attack.
GONNNNG!
The jackal bites you.
* * * LOW HITPOINT WARNING * * *
Duvessa hits you with a +0 short sword!
You die...

.# .# ### #.## #..
=.. #.####.###
#.##.....##
#.#!......#
#.#h@e....#.
#.#####(†h†._.....
......(.#†....?.#.
#.##(##.#.......#
.. ##.##.....##
#.# #..####.### .
#.......(.
#.[####..##
########.# .##


You could see Duvessa (berserk, confused) and 2 jackals.

Vanquished Creatures
  Sigmund (D:2)
  A black bear (D:4)
  Dowan (D:4)
  A hound (D:4)
  An orc priest (D:3)
  Jessica (D:2)
  Terence (D:2)
  An orc wizard (D:3)
  A gnoll (D:4)
  A worm (D:3)
  2 dart slugs
  2 orcs (D:3)
  5 bats
  4 endoplasms
  3 giant cockroaches
  7 goblins
  3 hobgoblins
  2 jackals
  A quokka (D:2)
  4 ball pythons
  4 frilled lizards
  7 kobolds
  5 rats
59 creatures vanquished.

Notes
Turn   | Place    | Note
-------+----------+-------------------------------------------
     0 | Abyss:1  | xian the Draconian Abyssal Knight began the quest for the
                  | Orb.
     0 | Abyss:1  | Reached XP level 1. HP: 19/19 MP: 2/2
     1 | D:1      | Escaped the Abyss
   435 | D:1      | Reached XP level 2. HP: 27/27 MP: 3/3
  1338 | D:2      | Noticed Sigmund
  1347 | D:2      | Killed Sigmund
  1348 | D:2      | Reached skill level 4 in Fighting
  1348 | D:2      | Reached skill level 1 in Stealth
  1348 | D:2      | Reached XP level 3. HP: 26/35 MP: 4/4
  1348 | D:2      | Reached XP level 4. HP: 30/41 MP: 5/5
  1348 | D:2      | Reached XP level 5. HP: 35/47 MP: 6/6
  1499 | D:2      | Noticed Terence
  1521 | D:2      | Killed Terence
  1522 | D:2      | Reached skill level 5 in Fighting
  1710 | D:2      | Found a faded altar of an unknown god.
  1723 | D:2      | Found a shadowy altar of Dithmenos.
  1735 | D:2      | Noticed Jessica
  1744 | D:2      | Killed Jessica
  1828 | D:2      | Reached *** piety under Lugonu
  2569 | D:3      | Identified a scroll of acquirement
  2570 | D:3      | Acquired the +18 shield of the Gong {rElec rN+ Will+ EV-5}
  2570 | D:3      | Found the +18 shield of the Gong {rElec rN+ Will+ EV-5}
  2740 | D:3      | Reached XP level 6. HP: 51/56 MP: 7/7
  2943 | D:3      | Found a glowing silver altar of Zin.
  2987 | D:3      | Identified the +4 hand axe of Stickiness {vorpal, rN+}
  3201 | D:4      | Found a snail-covered altar of Cheibriados.
  3219 | D:4      | Reached skill level 1 in Shields
  3266 | D:4      | Noticed Dowan
  3267 | D:4      | Noticed Duvessa
  3282 | D:4      | Killed Dowan
  3297 | D:4      | Your scales start taking on a lurid green colour.
  3297 | D:4      | Reached XP level 7. HP: 16/61 MP: 8/8
  3297 | D:4      | Gained mutation: Your system is resistant to poisons.
                  | (rPois) [Green Draconian growth]
  3310 | D:4      | HP: 3/61 [jackal (2)]
  3310 | D:4      | Mangled by Duvessa

Illustrated notes

Levels and vault maps discovered:
D:1:      heliophobic_arrival_henge, layout_basic, minmay_split_cup_large
D:2:      wad_river_or_something, layout_basic, ebering_ecumenical_altar_rust,
          basic_altar, uniq_terence, uniq_jessica, uniq_sigmund
D:3:      layout_loops_ring, zin_treasury, kennysheep_generic_room_15
D:4:      layout_loops_ring, old_standard_altar, uniq_duvessa

Skill      XL: |  1  2  3  4  5  6 |
---------------+-------------------+-----
Fighting       | 4 5 |  5.3
Polearms       | 2 |  2.7
Stealth        | 1 |  1.6
Dodging        | 3 |  3.4
Axes           | 3 |  3.5
Shields        | 1 |  1.5
Throwing       | |  0.7
Invocations    | |  2.3

Action                   |  1- 3 |  4- 6 |  7- 9 || total
-------------------------+-------+-------+-------++-------
Melee: Spear             |    42 |    70 |       ||   112
       Hand axe          |     1 |    39 |     8 ||    48
       Tailslap          |     1 |    12 |     3 ||    16
       Punch             |     1 |       |       ||     1
Throw: Dart              |     3 |    14 |       ||    17
 Abil: Breathe Noxious F |       |       |     1 ||     1
  Use: Scroll            |       |     7 |       ||     7
 Stab: Sleeping          |     1 |     1 |       ||     2
       Confused          |       |       |     1 ||     1
Armor: Skin              |    13 |    49 |     5 ||    67
Dodge: Dodged            |    34 |    34 |     3 ||    71
Block: Kite shield       |       |   109 |    13 ||   122
